 Dungeon Crawl Stone Soup version 0.30-a0-845-g7c6808c8ce (webtiles) character file.

Game seed: 10442673526212964108

634 stopotab the Cleaver (level 7, -1/60 HPs)
             Began as a Hill Orc Fighter on Mar 3, 2023.
             Was an Initiate of Beogh.
             Slain by a black bear (3 damage)
             ... on level 5 of the Dungeon.
             The game lasted 00:24:07 (4279 turns).

stopotab the Cleaver (Hill Orc Fighter)             Turns: 4279, Time: 00:24:07

Health: -1/60      AC: 11    Str: 25    XL:     7   Next: 49%
Magic:  7/7        EV:  7    Int:  8    God:    Beogh [......]
Gold:   178        SH:  4    Dex: 12    Spells: 6/6 levels left

rFire   . . .      SeeInvis .    a - +0 war axe
rCold   + . .      Faith    .    c - +0 buckler
rNeg    . . .      Spirit   .    q - +0 chain mail
rPois   .          Reflect  .    (no helmet)
rElec   .          Rampage  .    n - +0 cloak
rCorr   .                        l - +0 pair of gloves
Will    .....                    (no boots) Stlth
                                 j - amulet of regeneration
HPRegen 1.10/turn                o - ring of protection from cold
MPRegen 0.10/turn                A - +6 ring of strength

@: no status effects
A: no striking features
a: Renounce Religion


You were on level 5 of the Dungeon.
You worshipped Beogh.
Beogh was noncommittal.
You visited 1 branch of the dungeon, and saw 5 of its levels.

You collected 178 gold pieces.

Inventory:

Hand Weapons
 a - a +0 war axe (weapon)
 e - a +0 halberd
Missiles
 h - 8 boomerangs (quivered)
 w - 7 poisoned darts
Armour
 c - a +0 buckler (worn)
 l - a +0 pair of gloves (worn)
 n - a +0 cloak (worn)
 q - a +0 chain mail (worn)
Jewellery
 j - an amulet of regeneration (around neck)
 o - a ring of protection from cold (left hand)
 A - a +6 ring of strength (right hand)
Scrolls
 k - a scroll of vulnerability {unknown}
 m - a scroll of poison {unknown}
 p - a scroll of fear {unknown}
 r - a scroll of enchant weapon {unknown}
 t - a scroll of amnesia {unknown}
 u - 2 scrolls of blinking {unknown}
 y - a scroll of fog {unknown}
 z - a scroll of summoning {unknown}
 B - a scroll of noise {unknown}
 C - a scroll of teleportation {unknown}
Potions
 b - a potion of degeneration {unknown}
 d - a potion of might
 f - a potion of curing {unknown}
 g - 2 potions of haste
 i - a potion of flight {unknown}
 v - 3 potions of heal wounds {unknown}
 x - a potion of brilliance {unknown}
 D - a potion of mutation {unknown}


   Skills:
 + Level 4.5 Fighting
 + Level 9.5 Axes
 + Level 4.1 Armour
 + Level 3.8 Shields


You had 6 spell levels left.
You didn't know any spells.
Your spell library contained the following spells:

 Spells                   Type           Power      Damage    Failure   Level
 Apportation              Tloc           0%         N/A       98%         1
 Necrotise                Necr           0%         1d4       98%         1
 Sting                    Tmut/Pois      0%         1d3       98%         1
 Summon Small Mammal      Summ           0%         N/A       98%         1
 Poisonous Vapours        Pois/Air       0%         N/A       99%         2
 Olgreb's Toxic Radiance  Pois           0%         N/A       100%        4


Dungeon Overview and Level Annotations

Branches:
Dungeon (5/15)
 Temple: D:4-7

Altars:
Dithmenos
Hepliaklqana
Qazlal

Shops:
D:2 [   D:3 ((


Message History

The black bear claws you but does no damage. x2
The black bear bites you but does no damage.
The black bear claws you. You block the black bear's attack.
The black bear bites you.
The black bear claws you but does no damage.
You block the black bear's attack.
You barely miss the black bear.
The black bear is almost dead.
You barely miss the black bear. The black bear bites you!
The black bear closely misses you. The black bear barely misses you. x3
The black bear claws you but does no damage.
The black bear completely misses you.
The black bear claws you but does no damage. x2
You slash the black bear!
You kill the black bear!
Beogh accepts your kill.
You completely miss the black bear. The black bear closely misses you.
The black bear barely misses you. You block the black bear's attack.
The black bear bites you!
* * * LOW HITPOINT WARNING * * *
The black bear claws you but does no damage.
You block the black bear's attack.
Your Armour skill increases to level 4!
You slash the black bear!
The black bear is almost dead.
The black bear bites you.
* * * LOW HITPOINT WARNING * * *
The black bear claws you.
* * * LOW HITPOINT WARNING * * *
The black bear claws you but does no damage.
The black bear bites you.
* * * LOW HITPOINT WARNING * * *
The black bear claws you but does no damage. x2
Okay, then.
You closely miss the black bear.
The black bear is almost dead.
The black bear bites you!
* * * LOW HITPOINT WARNING * * *
The black bear claws you.
You die...

#....#....#.........
#....#....#.........
#....#....#....#####
#....#†...#....#
#....'....#
#....#....#
######....#....#
.......h..#....#
....$..†@o#....#
....##o##.o....# ...
#. .....o.# # ..
.#.....# #.. #
.....# .._ .....#
##.. .##### ...


You could see a black bear (berserk), a neutral orc priest (wandering), a
neutral orc wizard (wandering) and 2 neutral orcs.

Vanquished Creatures
  2 black bears
  A scorpion (D:5)
  2 hounds (D:4)
  A gnoll bouda (D:5)
  An iguana (D:5)
  A sleepcap (D:4)
  An orc wizard (D:3)
  10 gnolls
  4 adders
  5 dart slugs
  A worm (D:3)
  3 orcs (D:3)
  4 ball pythons
  9 bats
  5 endoplasms
  2 giant cockroaches
  7 goblins
  11 hobgoblins
  2 quokkas
  3 frilled lizards
  9 kobolds
  8 rats
92 creatures vanquished.

Notes
Turn   | Place    | Note
-------+----------+-------------------------------------------
     0 | D:1      | stopotab the Hill Orc Fighter began the quest for the Orb.
     0 | D:1      | Reached XP level 1. HP: 19/19 MP: 1/1
   179 | D:1      | Reached skill level 3 in Axes
   258 | D:1      | Reached XP level 2. HP: 26/26 MP: 2/2
   335 | D:1      | Reached skill level 4 in Axes
  1019 | D:2      | Reached XP level 3. HP: 31/31 MP: 3/3
  1132 | D:2      | Reached skill level 5 in Axes
  1725 | D:2      | Reached XP level 4. HP: 36/39 MP: 4/4
  1831 | D:2      | Found Kit Ziur's Antique Armour Boutique.
  2103 | D:3      | Found Oreditoz's Weapon Boutique.
  2147 | D:3      | Found Apoduz's Antique Weapon Boutique.
  2250 | D:3      | Found a stormy altar of Qazlal.
  2365 | D:3      | Reached skill level 6 in Axes
  2448 | D:3      | Found a shadowy altar of Dithmenos.
  2508 | D:3      | Reached XP level 5. HP: 45/45 MP: 5/5
  2728 | D:3      | Reached skill level 7 in Axes
  3078 | D:3      | Identified the +1 robe "Jenadgh" {Str+2}
  3674 | D:4      | Noticed a black bear
  3677 | D:4      | Killed a black bear
  3678 | D:4      | Reached skill level 8 in Axes
  3678 | D:4      | Reached XP level 6. HP: 51/51 MP: 6/6
  3714 | D:4      | Reached skill level 9 in Axes
  4119 | D:5      | Entered Level 5 of the Dungeon
  4151 | D:5      | Reached XP level 7. HP: 59/59 MP: 7/7
  4259 | D:5      | Became a worshipper of Beogh the Brigand
  4267 | D:5      | Found a hazy altar of Hepliaklqana.
  4279 | D:5      | HP: 2/60 [black bear (8)]
  4279 | D:5      | Slain by a black bear

Illustrated notes

Levels and vault maps discovered:
D:1:      heliophobic_arrival_battle_scene, layout_basic, kennysheep_crisscross,
          serial_park_tiny_1, st_stairs_5, dk_noncrumbling_2
D:2:      minmay_inner_zag, layout_loops_ring, serial_shops, shop
D:3:      layout_basic, overflow_temple_1_default, mainiacjoe_overflow_brackets,
          serial_shops, nicolae_shop_waterfront, shop
D:4:      layout_loops_ring, dreamdust_gnoll_farm
D:5:      layout_gridville, mainiacjoe_overflow_small_starburst,
          nicolae_figureground_sparkle

Skill      XL: |  1  2  3  4  5  6  7 |
---------------+----------------------+-----
Axes           | 3 4 5 6 8 9 |  9.5
Fighting       | 4 |  4.5
Armour         | 4 |  4.1
Shields        | |  3.8

Action                     |  1- 3 |  4- 6 |  7- 9 || total
---------------------------+-------+-------+-------++-------
  Melee: War axe           |    96 |   118 |    17 ||   231
  Throw: Boomerang         |       |     9 |     4 ||    13
 Invoke: Convert to Beogh  |       |       |     1 ||     1
    Use: Scroll            |     1 |     3 |     1 ||     5
         Potion            |       |     1 |       ||     1
 Armour: Scale mail        |    18 |       |       ||    18
         Chain mail        |    25 |    50 |    28 ||   103
  Dodge: Dodged            |    34 |    28 |    15 ||    77
  Block: Buckler           |    21 |    22 |     9 ||    52

Table legend: (Time is in decaauts)
 A = Elapsed time spent in this place.
 B = Non-inter-level travel time spent in this place.
 C = Inter-level travel time spent in this place.
 D = Time resting spent in this place.
 E = Time spent auto-exploring this place.
 F = Levels seen in this place.
 G = Mean time per level.
                   A        B        C        D        E       F      G
               +--------+--------+--------+--------+--------+-----+--------+
         Total |   4334 |   4029 |    305 |    194 |   2755 |   5 |  866.8 |
       Dungeon |   4334 |   4029 |    305 |    194 |   2755 |   5 |  866.8 |
               +--------+--------+--------+--------+--------+-----+--------+

Top non-repeatable levels by time:
     D:3: 1457 daAuts
     D:2: 960 daAuts
     D:1: 937 daAuts
     D:4: 816 daAuts
     D:5: 163 daAuts
